 Dungeon Crawl Stone Soup version 0.30.1-11-g7821555f0a (webtiles) character file.

Game seed: 6134800625768955043

1638 boopmooplesden the Spear-Bearer (level 8, -1/70 HPs)
             Began as a Minotaur Gladiator on Jan 10, 2024.
             Slain by a white ugly thing (10 damage)
             ... on level 6 of the Dungeon.
             The game lasted 00:07:33 (4447 turns).

boopmooplesden the Spear-Bearer (MiGl)              Turns: 4447, Time: 00:07:33

Health: -1/70      AC: 10    Str: 21    XL:     8   Next: 66%
Magic:  7/7        EV: 14    Int:  9    God:
Gold:   352        SH:  0    Dex: 18    Spells: 7/7 levels left

rFire   + + .        m - +5 spear of Uppoxt {venom, rC+}
rCold   + . .        (no shield)
rNeg    . . .        s - +0 ring mail
rPois   .            c - +2 hat
rElec   .            (no cloak)
rCorr   .            x - +0 pair of gloves
SInv    .            v - -1 pair of boots of the Singing Gods {+Blink rF+ Int+4}
Will    .....        (no amulet) Stlth
                     f - ring of protection from fire
HPRegen 0.31/turn    u - +6 ring of dexterity
MPRegen 0.10/turn

%: no passive effects
@: confused, ambrosia-drunk, on blink cooldown, studying Armour
A: horns 2, retaliatory headbutt
a: Evoke Blink


You were on level 6 of the Dungeon.
You visited 1 branch of the dungeon, and saw 6 of its levels.

You collected 352 gold pieces.

Inventory:

Hand Weapons
 a - a +0 quarterstaff of electrocution
 m - the +5 spear of Uppoxt (weapon) {venom, rC+}
   (You found it on level 2 of the Dungeon)

   rC:        It protects you from cold.
Missiles
 d - 2 throwing nets (quivered)
 e - a javelin
Armour
 c - a +2 hat (worn)
 s - a +0 ring mail (worn)
 v - the -1 pair of boots of the Singing Gods (worn) {+Blink rF+ Int+4}
   (You found it on level 4 of the Dungeon)

   Int:       It affects your intelligence (+4).
   rF:        It protects you from fire.
   +Blink:    It lets you blink.
 x - a +0 pair of gloves (worn)
Jewellery
 f - a ring of protection from fire (left hand)
 u - a +6 ring of dexterity (right hand)
Wands
 g - a wand of paralysis (18)
 o - a wand of mindburst (16)
Scrolls
 i - a scroll of poison
 j - a scroll of silence
 n - a scroll of vulnerability
 t - a scroll of teleportation
 w - 2 scrolls of noise
Potions
 b - 2 potions of curing
 h - a potion of berserk rage
 k - 2 potions of might
 p - a potion of degeneration {unknown}
 q - a potion of haste
 r - a potion of attraction {unknown}
 z - a potion of lignification {unknown}
 A - 2 potions of ambrosia
 B - a potion of mutation {unknown}


   Skills:
 + Level 5.7 Fighting
 + Level 8.1(8.7) Polearms
 + Level 4.7(7.0) Staves
 + Level 2.4 Throwing
 + Level 7.8 Armour
 + Level 5.5 Dodging
 + Level 2.0 Stealth


You had 7 spell levels left.
You didn't know any spells.
Your spell library contained the following spells:

 Spells                   Type           Power      Damage    Failure   Level
 Cigotuvi's Dreadful Rot  Necr/Pois/Air  0%         N/A       67%         2
 Dazzling Flash           Conj/Hex       0%         N/A       88%         3
 Ozocubu's Armour         Ice            0%         N/A       88%         3
 Volatile Blastmotes      Fire/Tloc      0%         2d10      88%         3
 Dispel Undead            Necr           0%         3d6       99%         4
 Iskenderun's Mystic Bla  Conj/Tloc      0%         2d3       99%         4
 Metabolic Englaciation   Hex/Ice        0%         N/A       100%        5
 Death Channel            Necr           0%         N/A       100%        6
 Simulacrum               Ice/Necr       0%         N/A       100%        6
 Starburst                Conj/Fire      0%         6d3       100%        6


Dungeon Overview and Level Annotations

Branches:
Dungeon (6/15)
 Temple: D:4-7

Altars:
Kikubaaqudgha
Makhleb
Nemelex Xobeh

Shops:
D:2 [   D:6 =


Innate Abilities, Weirdness & Mutations

You have a pair of horns on your head.
You reflexively headbutt those who attack you in melee.


Message History

You completely miss the iguana.
You headbutt the iguana, but do no damage.
The iguana is almost dead.
You kill the iguana!
An electric eel comes into view.
The electric eel shoots out a bolt of lightning at you!
The bolt of electricity hits you!
A white ugly thing comes into view.
The white ugly thing gurgles horribly!
You hear a shout!
The electric eel shoots out a bolt of lightning at you!
The bolt of electricity hits you! x2
You start resting.
A white ugly thing is nearby!
The white ugly thing bites you! The white ugly thing freezes you! You resist.
The white ugly thing attacks as you move away!
The white ugly thing barely misses you.
Okay, then.
Okay, then.
Throw: 2 throwing nets
Press: ? - help, Q - select action, (/) - cycle Shift-Dir - straight line, f - white ugly thing
Aim: a white ugly thing (64% to hit)
Okay, then.
You blink.
The white ugly thing barely misses you. You furiously retaliate!
You headbutt the white ugly thing.
The electric eel shoots out a bolt of lightning at you!
The bolt of electricity hits you!
* * * LOW HITPOINT WARNING * * *
The bolt of electricity hits you!
* * * LOW HITPOINT WARNING * * *
The white ugly thing attacks as you move away!
The white ugly thing barely misses you.
The electric eel shoots out a bolt of lightning at you!
The bolt of electricity hits you.
* * * LOW HITPOINT WARNING * * *
You are still too unstable to blink.
You are confused.
You feel invigorated.
The electric eel shoots out a bolt of lightning at you!
The bolt of electricity misses you. The white ugly thing bites you!
You die...

#### ##...## #########..#
.# ..........###.#
####.####..#..######
.#####u........######
~.......@............#
P.~~......#####.####.#
~~~P≈~~...#####.# ##.##
≈≈≈≈≈S~~~.....#.###...##
≈≈≈≈≈~~~~.P........###.##
~~≈≈≈≈≈PP≈.........# #..#
~~~~~≈≈≈≈~~~..#.##.###..#
~~P≈~P~≈≈~.P...##....#..
.P..~P≈≈~~....##.#..>.#


You could see a white ugly thing and an electric eel.

Vanquished Creatures
  A steam dragon (D:6)
  Edmund (D:4)
  The ghost of dchavez06 the Poker, an amateur DsGl (D:3)
  A water moccasin (D:6)
  A black bear (D:4)
  5 phantoms
  2 scorpions (D:4)
  A water moccasin zombie (D:4)
  A howler monkey (D:4)
  A bullfrog zombie (D:4)
  3 hounds
  A jelly (D:5)
  3 iguanas
  An orc priest (D:3)
  A scorpion zombie (D:4)
  A hound zombie (D:4)
  2 hound skeletons (D:4)
  4 adders
  A white imp (D:5)
  2 ufetubi (D:5)
  An adder zombie (D:4)
  2 dart slugs
  11 orcs
  9 ball pythons
  5 endoplasms
  2 giant cockroaches
  9 goblins
  8 hobgoblins
  4 jackals
  4 quokkas
  7 bats
  A frilled lizard (D:1)
  4 kobolds
  3 rats
104 creatures vanquished.

Notes
Turn   | Place    | Note
-------+----------+-------------------------------------------
     0 | D:1      | boopmooplesden the Minotaur Gladiator began the quest for
                  | the Orb.
     0 | D:1      | Reached XP level 1. HP: 18/18 MP: 0/0
   251 | D:1      | Reached XP level 2. HP: 25/25 MP: 1/1
   843 | D:1      | Identified a scroll of acquirement
   843 | D:1      | Acquired a manual of Armour
  1091 | D:2      | Reached XP level 3. HP: 28/30 MP: 2/2
  1096 | D:2      | Identified the +5 spear of Uppoxt {venom, rC+}
  1132 | D:2      | Found Loegom's Antique Armour Emporium.
  1537 | D:2      | Reached skill level 1 in Armour
  1661 | D:3      | Found a sparkling altar of Nemelex Xobeh.
  1674 | D:3      | Reached skill level 1 in Polearms
  1674 | D:3      | Reached XP level 4. HP: 38/38 MP: 3/3
  1751 | D:3      | Found an ancient bone altar of Kikubaaqudgha.
  1895 | D:3      | Found a burning altar of Makhleb.
  1895 | D:3      | Noticed a blizzard demon
  2026 | D:3      | Noticed dchavez06's ghost (amateur DsGl)
  2030 | D:3      | Found a runed translucent door.
  2440 | D:4      | Reached skill level 2 in Polearms
  2440 | D:4      | Reached XP level 5. HP: 45/45 MP: 4/4
  2461 | D:4      | Noticed a phantom
  2469 | D:4      | Killed a phantom
  2578 | D:4      | Reached skill level 3 in Polearms
  2578 | D:4      | Reached XP level 6. HP: 41/52 MP: 5/5
  2740 | D:4      | Reached skill level 4 in Polearms
  2751 | D:4      | Reached skill level 1 in Stealth
  2751 | D:4      | Reached XP level 7. HP: 57/59 MP: 6/6
  2761 | D:4      | Identified the -1 pair of boots of the Singing Gods {+Blink
                  | rF+ Int+4}
  2791 | D:4      | Noticed Edmund
  2808 | D:4      | Killed Edmund
  2809 | D:4      | Reached skill level 5 in Armour
  2809 | D:4      | Reached skill level 5 in Dodging
  2875 | D:4      | Reached skill level 5 in Polearms
  3554 | D:3      | Killed dchavez06's ghost
  3555 | D:3      | Reached skill level 6 in Polearms
  3696 | D:5      | Entered Level 5 of the Dungeon
  3726 | D:5      | Reached XP level 8. HP: 62/67 MP: 7/7
  3738 | D:5      | Reached skill level 5 in Fighting
  3976 | D:5      | Reached skill level 7 in Polearms
  4300 | D:6      | Found Joweulac's Jewellery Shop.
  4377 | D:6      | Reached skill level 8 in Polearms
  4435 | D:6      | Noticed a white ugly thing
  4447 | D:6      | Slain by a white ugly thing

Illustrated notes

Levels and vault maps discovered:
D:1:      roderic_octagonal_star, layout_basic, serial_park_tiny_pond,
          minmay_tromino_i4
D:2:      minmay_wonky_spiral, layout_loops_ring, serial_shops, shop,
          dreamdust_mushroom_princess
D:3:      layout_loops_ring, makhleb_altar_promises_db,
          nemelex_xobeh_ov_fountains_minmay, nicolae_overflow_crystal_walls,
          hellmonk_ghost_happy_afterlife, lemuel_flame_loot_1
D:4:      kennysheep_six_static_rooms, layout_basic, serial_undead,
          serial_undead_d, serial_undead_c, serial_undead_c, serial_undead_e,
          uniq_edmund
D:5:      layout_rooms
D:6:      layout_loops_ring, minmay_temple_entry_antechambers, serial_shops,
          shop, nicolae_shop_hallway_stairs, chequers_big_river,
          uniq_blork_the_orc, uniq_sigmund

Skill      XL: |  1  2  3  4  5  6  7  8 |
---------------+-------------------------+-----
Staves         | 4 |  4.7
Fighting       | 3 4 5 |  5.7
Armour         | 1 2 3 4 6 7 |  7.8
Polearms       | 1 2 3 4 6 8 |  8.1
Dodging        | 4 5 |  5.5
Stealth        | 1 2 |  2.0
Throwing       | |  2.4

Action                     |  1- 3 |  4- 6 |  7- 9 || total
---------------------------+-------+-------+-------++-------
  Melee: Quarterstaff      |    41 |       |       ||    41
         Headbutt          |     4 |    13 |    25 ||    42
         Spear             |    29 |    79 |   112 ||   220
         Punch             |       |       |     2 ||     2
  Throw: Throwing net      |       |       |     1 ||     1
Ability: Evoke Blink       |       |       |     1 ||     1
    Use: Scroll            |     6 |       |    12 ||    18
         Potion            |       |       |     1 ||     1
   Stab: Held in net/web   |       |       |     1 ||     1
 Armour: Leather armour    |    28 |     5 |       ||    33
         Ring mail         |       |    16 |    28 ||    44
  Dodge: Dodged            |    63 |    47 |    67 ||   177
